 Dungeon Crawl Stone Soup version 0.23.1-41-g7e51ed3 (webtiles) character file.

Game seed: 3841695016273012263

6097 DrKleor the Cleaver (level 10, -4/91 HPs)
             Began as a Hill Orc Monk on Mar 28, 2019.
             Was a High Priest of Beogh.
             Slain by a seven-headed hydra (8 damage)
             ... on level 9 of the Dungeon on Mar 29, 2019.
             The game lasted 00:33:47 (9717 turns).

DrKleor the Cleaver (Hill Orc Monk)                 Turns: 9717, Time: 00:33:48

Health: -4/91      AC: 11    Str: 18    XL:     10   Next: 88%
Magic:  13/16      EV: 11    Int: 10    God:    Beogh [*****.]
Gold:   585        SH:  5    Dex: 13    Spells: 9/9 levels left

rFire    . . .     SeeInvis +   a - +0 hand axe
rCold    . . .     Gourm    .   f - +0 buckler
rNeg     . . .     Faith    .   g - +0 scale mail
rPois    .         Spirit   .   (no helmet)
rElec    .         Reflect  .   (no cloak)
rCorr    +         Harm     .   (no gloves)
MR       .....                  i - +2 pair of boots
Stlth    ..........             (no amulet)
HPRegen  0.25/turn              C - ring of resist corrosion
MPRegen  0.15/turn              A - ring of see invisible

@: no status effects
A: walk on water
a: Smiting, Recall Orcish Followers, Give Item to Named Follower, Renounce
Religion


You were on level 9 of the Dungeon.
You worshipped Beogh.
Beogh was extremely pleased with you.
You were hungry.

You visited 1 branch of the dungeon, and saw 9 of its levels.
You also visited: Ossuary.

You collected 585 gold pieces.

Inventory:

Hand Weapons
 a - a +0 hand axe (weapon)
 k - a +0 war axe
Armour
 f - a +0 buckler (worn)
 g - a +0 scale mail (worn)
 i - a +2 pair of boots (worn)
Jewellery
 s - an uncursed ring of protection from cold
 A - a ring of see invisible (right hand)
 B - an uncursed ring of ice
 C - a ring of resist corrosion (left hand)
 F - an uncursed ring of positive energy
Wands
 b - a wand of iceblast (16)
 p - a wand of paralysis (8)
 v - a wand of acid (1)
 y - a wand of enslavement (19)
Scrolls
 h - a scroll of fog
 m - 3 scrolls of immolation
 n - 5 scrolls of teleportation
 o - 5 scrolls of identify
 q - 3 scrolls of amnesia
 r - 4 scrolls of remove curse
 t - 2 scrolls of enchant weapon {unknown}
 w - a scroll of random uselessness {unknown}
 z - 2 scrolls of blinking {unknown}
 E - a scroll of silence {unknown}
 G - 2 scrolls of enchant armour {unknown}
 H - 2 scrolls of magic mapping {unknown}
 I - a scroll of fear {unknown}
Potions
 d - 10 potions of curing
 e - a potion of ambrosia {unknown}
 j - a potion of cancellation
 l - 2 potions of haste
 u - a potion of flight {unknown}
 x - 2 potions of mutation {unknown}
 D - a potion of berserk rage {unknown}
 J - a potion of heal wounds {unknown}
Comestibles
 c - 14 rations


   Skills:
 + Level 9.1 Fighting
 * Level 13.1 Axes
 + Level 7.5 Armour
 - Level 2.4 Dodging
 - Level 1.5 Stealth
 - Level 4.0 Shields
 + Level 8.8 Invocations


You had 9 spell levels left.
You didn't know any spells.
Your spell library contained the following spells:

 Spells                   Type           Power        Failure   Level  Hunger
 Magic Dart               Conj           #...         71%         1    ##.....
 Blink                    Tloc           N/A          85%         2    ###....
 Call Imp                 Summ           #.......     85%         2    ###....
 Slow                     Hex            #.......     85%         2    ###....
 Conjure Flame            Conj/Fire      #.......     97%         3    ####...
 Mephitic Cloud           Conj/Pois/Air  #.......     97%         3    ####...
 Cause Fear               Hex            #.........   100%        4    #####..
 Silence                  Hex/Air        #.........   100%        5    ######.
 Yara's Violent Unravell  Hex/Tmut       #.........   100%        5    ######.
 Deflect Missiles         Chrm/Air       #.........   100%        6    #######
 Discord                  Hex            #.........   100%        8    #######


Dungeon Overview and Level Annotations

Branches:
Dungeon (9/15)             Temple (0/1) D:6            Lair (0/6) D:8
    Orc: D:9-12

Altars:
Cheibriados
Kikubaaqudgha
Nemelex Xobeh
Qazlal
Zin
The Shining One
Beogh

Shops:
D:5 %   D:6 (   D:9 *


Message History

The seven-headed hydra bites you but does no damage.
The seven-headed hydra closely misses you.
The seven-headed hydra bites you but does no damage.
The seven-headed hydra bites you!
* * * LOW HITPOINT WARNING * * *
The seven-headed hydra closely misses you.
The seven-headed hydra bites you but does no damage.
The seven-headed hydra bites you.
* * * LOW HITPOINT WARNING * * *
Aiming: Smiting
Press: ? - help, Dir - move target cursor, f/p - seven-headed hydra Smite: a seven-headed hydra (severely wounded, covered in acid)
You smite the seven-headed hydra!
The seven-headed hydra is almost dead.
You hear an angry hiss.
The seven-headed hydra bites you.
* * * LOW HITPOINT WARNING * * *
The seven-headed hydra bites you but does no damage.
The seven-headed hydra bites you!
You die...

........# ##.##.#....# ...###.##
##.##..##..# #.)# ..# ##
###...##o##... #..##.## #.#
#.##.#.##.o.... #..#..# #.#
#.##.....##o..#. #..#.#
#u#.#####.####.#o.. .....#
##.###(..o...###o.# ....##
#u#D###.oooo###...# ....#
##@##.#.#.#o#.##.## ..o)#
#o##...#.#o..##.#. #...#
##oo#############.
#...############################.
#..............oo.........o......
#..............oo................
#..#################..#.........>
... ##...#..##.#.#.# #.#
##.......##.#.#..


You could see a seven-headed hydra, a red ugly thing, the friendly Brandogh the
orc knight and the friendly Korbok the orc warrior.

Vanquished Creatures
  Erica (D:8)
  A two-headed ogre (D:9)
  A troll (D:9)
  3 hippogriffs
  A wyvern (D:8)
  An ice beast (D:5)
  A sky beast (D:7)
  3 phantoms
  3 ogres
  A centaur (D:6)
  2 elf zombies (Ossuary)
  A gnoll sergeant (D:7)
  5 bullfrogs
  3 scorpions
  5 howler monkeys
  3 centaur zombies (Ossuary)
  A bullfrog zombie (D:9)
  A crimson imp (D:7)
  A quasit (D:9)
  A human zombie (Ossuary)
  An orc priest (D:6)
  A centaur skeleton (D:5)
  2 jellies (D:9)
  4 hounds
  3 orc wizards
  4 worker ants
  A killer bee zombie (D:4)
  A hound zombie (D:9)
  4 hound skeletons
  3 mummies (Ossuary)
  2 worker ant zombies
  10 adders
  2 shadow imps
  4 adder zombies
  An adder skeleton (D:6)
  2 worms (D:2)
  A dart slug (D:2)
  5 leopard geckos
  10 orcs
  A ball python (D:2)
  A giant cockroach (D:8)
  7 goblins
  7 hobgoblins
  7 jackals
  6 kobolds
  A quokka (D:4)
  2 bats (D:1)
  7 frilled lizards
  A goblin zombie (Ossuary)
  2 hobgoblin zombies (Ossuary)
  2 jackal zombies (Ossuary)
  6 kobold zombies (Ossuary)
  2 orc zombies (Ossuary)
  A quokka skeleton (D:8)
  4 quokka zombies
  7 rats
  5 rat zombies (Ossuary)
  2 fungi (D:8)
  A plant (D:8)
172 creatures vanquished.

Vanquished Creatures (collateral kills)
  Maurice (D:8)
  A hornet (D:7)
  2 yaks
  2 porcupines (D:8)
  2 black bears (D:8)
  2 orc warriors
  A phantom (D:6)
  A sky beast (D:6)
  2 ice beasts
  An ogre (D:8)
  A crocodile (D:8)
  2 centaurs (D:9)
  2 bullfrogs
  2 gnoll sergeants (D:7)
  Blork the orc (D:7)
  2 scorpions
  A wight (D:7)
  A centaur zombie (D:9)
  3 jellies
  3 orc wizards
  3 orc priests
  3 hounds
  An iguana (D:8)
  A worker ant (D:6)
  2 hound skeletons
  An adder (D:9)
  A shadow imp (D:9)
  2 adder skeletons
  2 leopard geckos
  12 orcs
  A leopard gecko skeleton (D:7)
  6 fungi (D:8)
  4 plants (D:8)
72 creatures vanquished.

Vanquished Creatures (others)
  An orc warrior (D:9)
  3 orc priests
  7 orc wizards
  18 orcs
  A bat (D:3)
  13 fungi (D:8)
43 creatures vanquished.

Grand Total: 287 creatures vanquished

Notes
Turn   | Place    | Note
-------+----------+-------------------------------------------
     0 | D:1      | DrKleor the Hill Orc Monk began the quest for the Orb.
     0 | D:1      | Reached XP level 1. HP: 19/19 MP: 1/1
   157 | D:1      | Reached XP level 2. HP: 24/27 MP: 2/2
   562 | D:1      | Reached skill level 1 in Armour
   787 | D:2      | Reached XP level 3. HP: 22/33 MP: 3/3
  1470 | D:2      | Reached skill level 5 in Axes
  1766 | D:2      | Reached skill level 1 in Shields
  1871 | D:2      | Reached XP level 4. HP: 40/40 MP: 4/4
  2241 | D:3      | Became a worshipper of Beogh the Brigand
  2241 | D:3      | Reached * piety under Beogh
  2241 | D:3      | Reached ** piety under Beogh
  2392 | D:3      | Found a snail-covered altar of Cheibriados.
  2919 | D:4      | Found a sparkling altar of Nemelex Xobeh.
  2950 | D:4      | Reached XP level 5. HP: 46/47 MP: 5/5
  2972 | D:4      | Reached skill level 1 in Invocations
  3015 | D:4      | Found an ancient bone altar of Kikubaaqudgha.
  3259 | D:4      | Reached skill level 6 in Axes
  3481 | D:4      | Noticed a hippogriff
  3485 | D:4      | Killed a hippogriff
  3485 | D:4      | Reached XP level 6. HP: 55/55 MP: 7/7
  3702 | D:4      | Reached skill level 5 in Fighting
  3982 | D:5      | Entered Level 5 of the Dungeon
  4002 | D:5      | Found a sand-covered staircase.
  4007 | Ossuary  | Entered an ossuary
  4072 | Ossuary  | Reached XP level 7. HP: 49/61 MP: 9/9
  4096 | Ossuary  | Reached skill level 7 in Axes
  4175 | Ossuary  | Reached *** piety under Beogh
  4321 | D:5      | Found Maorph's Food Boutique.
  4490 | D:5      | Found a runed translucent door.
  4582 | D:5      | Reached skill level 8 in Axes
  4582 | D:5      | Reached XP level 8. HP: 62/70 MP: 9/11
  5142 | D:5      | Found a roughly hewn altar of Beogh.
  5248 | D:6      | Reached **** piety under Beogh
  5264 | D:6      | Found a stormy altar of Qazlal.
  5275 | D:6      | Reached skill level 9 in Axes
  5276 | D:6      | Found Gihokk's Antique Weapon Shoppe.
  5286 | D:6      | Reached skill level 5 in Invocations
  5393 | D:6      | Found a staircase to the Ecumenical Temple.
  5468 | D:6      | Gained Brandogh as an ally
  5564 | D:6      | Reached XP level 9. HP: 78/78 MP: 13/13
  5641 | D:6      | Reached skill level 5 in Armour
  5734 | D:6      | Reached skill level 10 in Axes
  6133 | D:7      | Noticed Blork the orc
  6142 | D:7      | Killed Blork the orc
  6153 | D:7      | Reached ***** piety under Beogh
  6529 | D:7      | Noticed a hornet
  6534 | D:7      | Paralysed by a hornet for 3 turns
  6536 | D:7      | Killed a hornet
  6997 | D:7      | Reached skill level 11 in Axes
  7048 | D:7      | Upgraded the game from 0.23.1-38-g628c18f to
                  | 0.23.1-41-g7e51ed3
  7276 | D:8      | Found a staircase to the Lair.
  7293 | D:8      | Noticed Erica
  7294 | D:8      | Reached XP level 10. HP: 12/88 MP: 15/15
  7298 | D:8      | Killed Erica
  7298 | D:8      | Reached skill level 12 in Axes
  7307 | D:8      | Gained Korbok as an ally
  7930 | D:8      | Noticed Maurice
  7937 | D:8      | Killed Maurice
  7955 | D:8      | Got a bloodstained leather armour
  7966 | D:8      | Identified the +1 leather armour "Cuphoyt" {rCorr} (You
                  | found it on level 8 of the Dungeon)
  8521 | D:9      | Gained Ogrik as an ally
  8663 | D:9      | Noticed a two-headed ogre
  8672 | D:9      | Killed a two-headed ogre
  8937 | D:9      | Found a glowing golden altar of the Shining One.
  8973 | D:9      | Found Zin's Purification Station.
  8975 | D:9      | Found a glowing silver altar of Zin.
  9012 | D:9      | Got a transparent mace
  9013 | D:9      | Identified the +6 mace of Egonu {crush, *Corrode +Inv Dex+3
                  | SInv} (You found it on level 9 of the Dungeon)
  9556 | D:9      | Reached skill level 13 in Axes
  9704 | D:9      | Noticed a seven-headed hydra
  9707 | D:9      | Noticed a red ugly thing
  9711 | D:9      | Your ally Ogrik died
  9717 | D:9      | HP: 4/91 [seven-headed hydra (1)]
  9717 | D:9      | Slain by a seven-headed hydra

Skill      XL: |  1  2  3  4  5  6  7  8  9 10 |
---------------+-------------------------------+-----
Armour         | 1 2 3 4 6 7 |  7.5
Fighting       | 4 5 6 7 9 |  9.1
Axes           | 5 6 8 9 11 13 | 13.1
Shields        | 1 2 3 4 |  4.0
Invocations    | 2 4 5 7 8 |  8.8
Dodging        | |  2.4
Stealth        | |  1.5

Action                   |  1- 3 |  4- 6 |  7- 9 | 10-12 || total
-------------------------+-------+-------+-------+-------++-------
Melee: Hand axe          |   135 |    47 |       |    95 ||   277
       War axe           |       |    70 |   341 |    58 ||   469
Invok: Convert to Beogh  |       |     1 |       |       ||     1
       Smiting           |       |       |       |     4 ||     4
       Recall Orcish Fol |       |       |       |     1 ||     1
       Give Item to Name |       |       |       |     1 ||     1
Evoke: Wand              |       |     4 |     1 |     3 ||     8
  Use: Scroll            |     1 |     5 |     2 |     1 ||     9
 Stab: Sleeping          |     1 |       |       |       ||     1
       Paralysed         |       |       |     4 |       ||     4
       Distracted        |       |       |       |     2 ||     2
  Eat: Chunk             |     3 |     7 |     8 |     3 ||    21
       Ration            |       |       |     1 |     1 ||     2
Armor: Robe              |     6 |     6 |       |       ||    12
       Scale mail        |       |    30 |   143 |    57 ||   230
Dodge: Dodged            |    74 |    78 |   150 |    68 ||   370
Block: Buckler           |    17 |    32 |    59 |    24 ||   132
